 Dungeon Crawl Stone Soup version 0.19.1 (console) character file.

90 fly the Ducker (level 4, -8/57 HPs)
             Began as a Draconian Berserker on Dec 8, 2016.
             Was a Believer of Trog.
             Mangled by sal's ghost (12 damage)
             ... on level 3 of the Dungeon.
             The game lasted 00:02:59 (1889 turns).

fly the Ducker (Draconian Berserker)                Turns: 1889, Time: 00:03:00

Health: -8/57      AC:  5    Str: 24    XL:     4   Next: 32%
Magic:  4/4        EV: 13    Int:  8    God:    Trog [**....]
Gold:   130        SH:  0    Dex: 11    Spells: 0 memorised, 3 levels left

rFire  . . .     SeeInvis .       - Unarmed
rCold  . . .     Gourm    .     (armour unavailable)
rNeg   + . .     Faith    .     (no shield)
rPois  .         Spirit   .     (helmet restricted)
rElec  .         Reflect  .     (no cloak)
rCorr  .         Harm     .     (no gloves)
MR     .....                    (no boots)
Stlth  ..........               (no amulet)
                                (no ring)
                                p - ring of positive energy

@: berserking, very quick
A: unfitting armour, cold-blooded, AC +5
a: Berserk, Trog's Hand, Burn Spellbooks, Renounce Religion


You were on level 3 of the Dungeon.
You worshipped Trog.
Trog was pleased with you.
You were very hungry.

You visited 1 branch of the dungeon, and saw 3 of its levels.

You collected 130 gold pieces.

Inventory:

Jewellery
 b - an uncursed ring of ice
 p - a ring of positive energy (left hand)
Scrolls
 c - 3 scrolls of recharging {unknown}
 d - a scroll of teleportation {unknown}
 e - 4 scrolls of remove curse {unknown}
 f - a scroll of magic mapping {unknown}
 g - 3 scrolls of identify {unknown}
 j - a scroll of blinking {unknown}
 n - a scroll of fog {unknown}
 q - 2 scrolls of immolation {unknown}
Potions
 i - a potion of lignification {unknown}
 l - 2 potions of berserk rage
 m - a potion of flight {unknown}
Comestibles
 a - 7 bread rations
 h - a slice of pizza
 k - a meat ration
 o - a chunk of flesh


   Skills:
 - Level 3.2 Fighting
 * Level 4.1 Dodging
 + Level 3.8 Unarmed Combat


You had 3 spell levels left.
You didn't know any spells.

Dungeon Overview and Level Annotations

Branches:
Dungeon (3/15)

Altars:

Annotations:
D:3 sal's ghost, novice HEFi


Innate Abilities, Weirdness & Mutations

Your plain brown scales are hard. (AC +5)
You cannot fit into any form of body armour.
You are cold-blooded and may be slowed by cold attacks.


Message History

You butcher the rat corpse.
Sal's ghost hits you!
Things that are here:
a chunk of flesh; a rat skeleton There isn't anything to butcher here.
o - a chunk of flesh Sal's ghost hits you.
Sal's ghost shouts, "You must not succeed where I failed!"
Sal's ghost hits you!
* * * LOW HITPOINT WARNING * * *
Press: ? - help, . - travel You can't see that place. [a rock wall.] Unknown command.
Sal's ghost barely misses you.
Okay, then.
Okay, then.
It was a potion of berserk rage.
A red film seems to cover your vision as you go berserk!
You feel yourself moving faster!
You feel mighty! Sal's ghost hits you!
You die...

##. ####### #...
#.. ..# #....
###.###.###.....
#...............
#.......#
#.....รท.#
#@#.##..#
#W#..#..#
#.##.#..#
#.......#
#......(...'..
#####...####..
##.## ..# ..#


You could see sal's ghost.

Vanquished Creatures
  2 adders (D:2)
  An ooze (D:1)
  5 leopard geckos
  4 bats
  5 giant cockroaches
  7 goblins
  9 hobgoblins
  5 jackals
  3 ball pythons (D:2)
  4 frilled lizards (D:2)
  8 kobolds
  3 rats
56 creatures vanquished.

Notes
Turn   | Place    | Note
-------+----------+-------------------------------------------
     0 | D:1      | fly the Draconian Berserker began the quest for the Orb.
     0 | D:1      | Reached XP level 1. HP: 19/19 MP: 1/1
    93 | D:1      | Reached skill level 3 in Dodging
    96 | D:1      | Reached XP level 2. HP: 10/26 MP: 2/2
   542 | D:1      | Reached XP level 3. HP: 31/31 MP: 3/3
  1092 | D:2      | Reached ** piety under Trog
  1333 | D:2      | Reached XP level 4. HP: 35/38 MP: 4/4
  1452 | D:2      | Reached skill level 4 in Dodging
  1873 | D:3      | Noticed sal's ghost (novice HEFi)
  1889 | D:3      | Mangled by sal's ghost

Skill      XL: |  1  2  3  4 |
---------------+-------------+-----
Dodging        | 3 4 |  4.1
Fighting       | |  3.2
Unarmed Combat | |  3.8

Action                   |  1- 3 |  4- 6 || total
-------------------------+-------+-------++-------
Melee: Unarmed           |   151 |    33 ||   184
       Tailslap          |    17 |     2 ||    19
       Punch             |     4 |     1 ||     5
Invok: Berserk           |     2 |     1 ||     3
  Use: Potion            |       |     1 ||     1
  Eat: Chunk             |     3 |     2 ||     5
Armor: Skin              |    41 |     5 ||    46
Dodge: Dodged            |   105 |    28 ||   133
